 Dungeon Crawl Stone Soup version 0.30.1-4-g462c640d31 (webtiles) character file.

Game seed: 10684444906349443966

59 boopmooplesden the Covered (level 3, 0/33 HPs)
             Began as an Armataur Fighter on Sept 8, 2023.
             Slain by an orc wizard
             ... wielding a +0 dagger
              (2 damage)
             ... on level 2 of the Dungeon.
             The game lasted 00:01:57 (800 turns).

boopmooplesden the Covered (Armataur Fighter)        Turns: 800, Time: 00:01:57

Health: 0/33       AC:  7    Str: 23    XL:     3   Next: 78%
Magic:  3/3        EV:  7    Int:  8    God:
Gold:   94         SH:  4    Dex:  9    Spells: 2/2 levels left

rFire   . . .        a - +0 war axe
rCold   . . .        c - +0 buckler
rNeg    . . .        b - +0 scale mail
rPois   .            (no helmet)
rElec   .            (no cloak)
rCorr   .            (no gloves)
SInv    .            (no barding)
Will    .....        j - amulet of the acrobat Stlth
                     (no ring)
HPRegen 0.25/turn    (no ring)
MPRegen 0.08/turn

%: acrobat, roll
@: no status effects
A: large, rugged brown scales 3, deformed body, armoured tail, roll, long
tongue, awkward tongue
a: no special abilities


You were on level 2 of the Dungeon.
You visited 1 branch of the dungeon, and saw 2 of its levels.

You collected 94 gold pieces.

Inventory:

Hand Weapons
 a - a +0 war axe (weapon)
Missiles
 h - 2 javelins (quivered)
 n - 6 boomerangs
Armour
 b - a +0 scale mail (worn)
 c - a +0 buckler (worn)
Jewellery
 g - a ring of fire
 j - an amulet of the acrobat (around neck)
 l - a ring of fire
Potions
 e - a potion of lignification


   Skills:
 + Level 3.0 Fighting
 + Level 2.1 Axes
 + Level 4.4 Armour
 + Level 0.2 Dodging
 + Level 0.2 Stealth
 + Level 3.8 Shields


You had 2 spell levels left.
You didn't know any spells.
Your spell library was empty.

Dungeon Overview and Level Annotations

Branches:
Dungeon (2/15)

Altars:

Shops:
D:1 =


Innate Abilities, Weirdness & Mutations

You are completely covered in rugged brown scales. (AC +3, +7% HP)
Armour fits poorly on your strangely shaped body.
You have a long armoured tail.
You roll when moving toward enemies. (Rampage)
Your long tongue fully drains potion bottles. (2x potion effects)
Your tongue gives you trouble enunciating. (1.5x scroll delay)


Message History

The kobold shouts!
The adder bites you. x2
* * * LOW HITPOINT WARNING * * *
You miss the adder.
You feel sick.
You are no longer poisoned.
The adder bites you but does no damage.
A giant cockroach comes into view.
The adder bites you.
* * * LOW HITPOINT WARNING * * *
You are poisoned.
The adder poisons you!
Okay, then.
As you slowly read the scroll of fear, it crumbles to dust.
You assume a fearsome visage.
The hobgoblin looks frightened!
The worm looks frightened!
The adder looks frightened!
The orc looks frightened!
The giant cockroach looks frightened!
The kobold looks frightened!
* * * LOW HITPOINT WARNING * * *
You feel sick.
Cornered, the adder turns to fight!
You hit the adder.
The adder is moderately wounded.
* * * LOW HITPOINT WARNING * * *
You feel sick. The adder bites you but does no damage.
The adder closely misses you.
You hit the adder but do no damage.
The adder is moderately wounded.
You feel sick. The adder bites you but does no damage. The adder bites you.
* * * LOW HITPOINT WARNING * * *
You hit the adder.
The adder is severely wounded.
* * * LOW HITPOINT WARNING * * *
You feel sick.
You are no longer poisoned.
The adder bites you but does no damage. x2
You slash the adder!
You kill the adder!
Something unexpectedly blocked you, preventing you from rolling!
You miss something.
Something hits you but does no damage. x2
Something hits you.
You die...

..... #.## #.##...
.... #g# .#....
... #o# ....>. ###
###†# #......
#...###.......
###.....!.......
..#.....g.........
......####..##....
........@†o.## ..
.#.....######
#....# ..... ....
.. #


You could see an orc.

Vanquished Creatures
  An orc wizard (D:2)
  2 adders (D:2)
  A worm (D:2)
  An orc (D:2)
  A bat (D:1)
  An endoplasm (D:1)
  2 giant cockroaches (D:1)
  3 goblins
  A frilled lizard (D:1)
  A kobold (D:2)
  A rat (D:1)
15 creatures vanquished.

Notes
Turn   | Place    | Note
-------+----------+-------------------------------------------
     0 | D:1      | boopmooplesden the Armataur Fighter began the quest for the
                  | Orb.
     0 | D:1      | Reached XP level 1. HP: 19/19 MP: 1/1
   221 | D:1      | Found Mahas's Jewellery Boutique.
   556 | D:1      | Reached XP level 2. HP: 26/26 MP: 2/2
   723 | D:2      | Reached skill level 4 in Armour
   771 | D:2      | Reached XP level 3. HP: 33/33 MP: 3/3
   797 | D:2      | HP: 1/33 [poisoned by an adder]
   800 | D:2      | Slain by an orc wizard

Illustrated notes

Levels and vault maps discovered:
D:1:      co_arrival_random_square_maze, layout_basic, serial_shops,
          nicolae_shop_stone
D:2:      layout_rooms, chequers_serial_rivers_micro_e

Skill      XL: |  1  2 |
---------------+-------+-----
Armour         | 4 |  4.4
Axes           | 2 |  2.1
Fighting       | 3 |  3.0
Dodging        | |  0.2
Stealth        | |  0.2
Shields        | |  3.8

Action                     || total
---------------------------++-------
  Melee: War axe           ||    75
         Tailslap          ||     4
    Use: Potion            ||     4
         Scroll            ||     2
 Armour: Scale mail        ||    32
         Skin              ||    30
  Dodge: Dodged            ||    35
  Block: Buckler           ||    11
